 Dungeon Crawl Stone Soup version 0.30-a0-691-g754fce4c43 (webtiles) character file.

Game seed: 632219786803070637

51 IdlyInterested the Cudgeller (level 3, 0/27 HPs)
             Began as a Demonspawn Gladiator on Jan 19, 2023.
             Slain by a gnoll
             ... wielding a +0 whip
              (3 damage)
             ... on level 2 of the Dungeon.
             The game lasted 00:02:38 (1041 turns).

IdlyInterested the Cudgeller (Demonspawn Gladiator) Turns: 1041, Time: 00:02:39

Health: 0/27       AC:  5    Str: 16    XL:     3   Next: 57%
Magic:  3/3        EV: 12    Int:  9    God:
Gold:   51         SH:  0    Dex: 14    Spells: 2/2 levels left

rFire   . . .      SeeInvis .    a - +0 flail
rCold   . . .      Faith    .    (no shield)
rNeg    . . .      Spirit   .    b - +0 leather armour
rPois   .          Reflect  .    c - +0 helmet
rElec   .          Harm     .    n - scarf {+Inv}
rCorr   .          Rampage  .    h - +0 pair of gloves
Will    .....                    (no boots)
Stlth   +                        (no amulet)
HPRegen 0.24/turn                (no ring)
MPRegen 0.08/turn                (no ring)

@: no status effects
A: ignite blood 1
a: Evoke Invisibility


You were on level 2 of the Dungeon.
You visited 1 branch of the dungeon, and saw 2 of its levels.

You collected 51 gold pieces.

Inventory:

Hand Weapons
 a - a +0 flail (weapon)
Missiles
 d - 3 throwing nets
 m - 8 stones (quivered)
Armour
 b - a +0 leather armour (worn)
 c - a +0 helmet (worn)
 h - a +0 pair of gloves (worn)
 n - a scarf of invisibility (worn)
Jewellery
 l - a ring of ice
Potions
 i - a potion of curing {unknown}
 j - a potion of brilliance
 o - a potion of mutation {unknown}
 p - a potion of degeneration {unknown}


   Skills:
 - Level 2.0 Fighting
 + Level 3.9 Maces & Flails
 - Level 1.7 Throwing
 - Level 1.0 Armour
 - Level 2.6 Dodging
 * Level 0.6 Stealth


You had 2 spell levels left.
You didn't know any spells.
Your spell library contained the following spells:

 Spells                   Type           Power      Damage    Failure   Level
 Slow                     Hex            0%         N/A       45%         1
 Confusing Touch          Hex            0%         N/A       83%         3
 Vampiric Draining        Necr           0%         2d6       83%         3
 Manifold Assault         Tloc           0%         N/A       99%         4
 Dispersal                Tloc           0%         N/A       100%        6
 Disjunction              Tloc           0%         N/A       100%        8


Dungeon Overview and Level Annotations

Branches:
Dungeon (2/15)

Altars:


Innate Abilities, Weirdness & Mutations

Your demonic aura sometimes causes spilled blood to erupt in flames.


Message History

The gnoll hits you with a +0 whip.
You hit the gnoll.
The gnoll is heavily wounded.
The gnoll hits you from afar with a +0 spear.
The gnoll barely misses you.
You sock the gnoll!
You kill the gnoll!
The gnoll hits you from afar with a +0 spear.
A gnoll comes into view. It is wielding a +0 whip.
The gnoll hits you with a +0 spear.
You see here a +0 whip.
You closely miss the gnoll. The gnoll completely misses you.
The gnoll closely misses you.
You closely miss the gnoll. The gnoll closely misses you.
You completely miss the gnoll. The gnoll completely misses you.
You closely miss the gnoll. The gnoll hits you with a +0 spear.
The gnoll shouts!
You hit the gnoll.
The gnoll is moderately wounded.
The gnoll hits you with a +0 spear.
* * * LOW HITPOINT WARNING * * *
Throw: javelin
Press: ? - help, Shift-Dir - straight line, f - gnoll
Aim: a gnoll, wielding a +0 whip (63% to hit)
You throw a javelin. The javelin pierces through the gnoll!
You kill the gnoll!
The javelin barely misses the gnoll.
The gnoll hits you with a +0 whip.
* * * LOW HITPOINT WARNING * * *
You hit the gnoll.
The gnoll is heavily wounded.
The gnoll barely misses you.
You barely miss the gnoll.
The gnoll is heavily wounded.
The gnoll hits you with a +0 whip.
* * * LOW HITPOINT WARNING * * *
You closely miss the gnoll.
The gnoll is heavily wounded.
The gnoll hits you with a +0 whip.
You die...

,,,,,,,,*****,,,,,,,***######..#*
**,,,,,,,,,,,,,,,,.....#....#..##
,,,,,*,,******,***#....+....+..#.
,,,,,,,,******,* #....#....#..#.
*******,,,,,,*,* #....#....#..#.
* *,,***,*,* #....#....#..#. *
**,* *,#,* #....#....#.... ***
*,* #.#.####....#....##.##
,,******,**#...g@......#....##.#
*,**,,,,,,,###(#####...........#
*,***,,,,,,,.J,* #.###########
*,*****,,*,##*** #.#
,,,,,,,,,,,,,,,* #.###
*,*****,,******* #..<# *,*****,,*
#.### ,,,,,,,,,* #.# *******,,*
###


You could see a gnoll and an endoplasm (wandering).

Vanquished Creatures
  3 gnolls
  3 ball pythons
  2 endoplasms (D:1)
  4 hobgoblins (D:1)
  A quokka (D:2)
  A bat (D:1)
  A frilled lizard (D:1)
  2 goblins (D:1)
  A kobold (D:1)
  5 rats (D:1)
23 creatures vanquished.

Vanquished Creatures (others)
  6 fungi (D:1)
  A plant (D:1)
7 creatures vanquished.

Grand Total: 30 creatures vanquished

Notes
Turn   | Place    | Note
-------+----------+-------------------------------------------
     0 | D:1      | IdlyInterested the Demonspawn Gladiator began the quest for
                  | the Orb.
     0 | D:1      | Reached XP level 1. HP: 16/16 MP: 1/1
   246 | D:1      | Reached skill level 3 in Maces & Flails
   246 | D:1      | Reached skill level 1 in Armour
   246 | D:1      | Gained mutation: Your demonic aura sometimes causes spilled
                  | blood to erupt in flames. [demonic ancestry]
   246 | D:1      | Reached XP level 2. HP: 10/22 MP: 2/2
   617 | D:1      | Found a faded altar of an unknown god.
   658 | D:1      | Reached XP level 3. HP: 27/27 MP: 3/3
  1041 | D:2      | Slain by a gnoll

Illustrated notes

Levels and vault maps discovered:
D:1:      elethiomel_arrival_maze, layout_basic,
          shapermc_ecumenical_altar_hornbeckon
D:2:      layout_basic, dreamdust_mushroom_princess

Skill      XL: |  1 |
---------------+----+-----
Maces & Flails | 3 |  3.9
Armour         | 1 |  1.0
Fighting       | |  2.0
Throwing       | |  1.7
Dodging        | |  2.6
Stealth        | |  0.6

Action                   || total
-------------------------++-------
Melee: Flail             ||    72
Throw: Javelin           ||     1
  Use: Scroll            ||     4
       Potion            ||     1
Armor: Leather armour    ||    23
Dodge: Dodged            ||    47

Table legend: (Time is in decaauts)
 A = Elapsed time spent in this place.
 B = Non-inter-level travel time spent in this place.
 C = Inter-level travel time spent in this place.
 D = Time resting spent in this place.
 E = Time spent auto-exploring this place.
 F = Levels seen in this place.
 G = Mean time per level.
                   A        B        C        D        E       F      G
               +--------+--------+--------+--------+--------+-----+--------+
         Total |   1064 |    896 |    168 |     60 |    562 |   2 |  532.0 |
       Dungeon |   1064 |    896 |    168 |     60 |    562 |   2 |  532.0 |
               +--------+--------+--------+--------+--------+-----+--------+

Top non-repeatable levels by time:
     D:1: 957 daAuts
     D:2: 106 daAuts
